| TOP OF THE 1ST |
|
New York Mets batting - Pitching for St. Louis Cardinals : LHP Antonio Lacayo
|
|
Pitching: LHP Antonio Lacayo
|
|
|
Batting: LHB Kevin Bellman
|
0-0: Swinging Strike 0-1: Swinging Strike 0-2: DOUBLE (Line Drive, 78D, EV 101.9 MPH)
|
|
Batting: RHB Josh Jones
|
0-0: Ball 1-0: Fly out, F9 (Flyball, 89M, EV 86.9 MPH)
|
|
Batting: RHB Jeff Jank
|
0-0: Called Strike 0-1: Ball 1-1: Ball 2-1: Foul Ball, location: 2F 2-2: SINGLE (Groundball, 56D, EV 103.8 MPH) Kevin Bellman to third Runner from 3rd tries for Home, SAFE, throw by LF to home
|
|
Batting: RHB Antonio Aranda
|
0-0: Called Strike 0-1: Ball 1-1: Ball Jeff Jank is caught stealing 2nd base 2-4 2-1: Foul Ball, location: 2F 2-2: Foul Ball, location: 2F 2-2: Strikes out swinging
|
| Top of the 1st over - 1 run, 2 hits, 0 errors, 0 left on base; New York 1 - St. Louis 0 |
| BOTTOM OF THE 1ST |
|
St. Louis Cardinals batting - Pitching for New York Mets : RHP Matt Laverty
|
|
Pitching: RHP Matt Laverty
|
|
|
Batting: RHB Mike Bates
|
0-0: Ball 1-0: Foul Ball, location: 2F 1-1: Ball 2-1: Foul Ball, location: 2F 2-2: Strikes out swinging
|
|
Batting: SHB Antoine Roux
|
0-0: Ball 1-0: Bunt missed! 1-1: Called Strike 1-2: TRIPLE (Flyball, 89XD, EV 90.6 MPH)
|
|
Batting: LHB Ichiro Toyota
|
0-0: Ball 1-0: Ball 2-0: Ball 3-0: Base on Balls
|
|
Batting: LHB Armando Carbajal
|
0-0: Called Strike 0-1: Ball 1-1: Ball 2-1: Swinging Strike 2-2: Ball 3-2: Foul Ball, location: 2F 3-2: Foul Ball, location: 2F 3-2: 3-RUN HOME RUN (Flyball, 9LD, EV 93.8 MPH), Distance : 340 ft
|
|
Batting: LHB Billy Guzman
|
0-0: Ground out 5-3 (Groundball, 5, EV 94.4 MPH)
|
|
Batting: RHB Melvin Enriquez
|
0-0: Ball 1-0: SINGLE (Line Drive, 56, EV 100.0 MPH)
|
|
Batting: SHB Chris Blue
|
0-0: Fly out, F6 (Line Drive, 6M, EV 78.1 MPH)
|
| Bottom of the 1st over - 3 runs, 3 hits, 0 errors, 1 left on base; New York 1 - St. Louis 3 |
| TOP OF THE 2ND |
|
New York Mets batting - Pitching for St. Louis Cardinals : LHP Antonio Lacayo
|
|
Batting: SHB Nelle van den Berg
|
0-0: Swinging Strike 0-1: Ball 1-1: Fly out, F9 (Flyball, 89M, EV 90.6 MPH)
|
|
Batting: RHB Finn Ross
|
0-0: Swinging Strike 0-1: Called Strike 0-2: Ground out 1-3 (Groundball, 15, EV 67.5 MPH)
|
|
Batting: SHB Jason Larson
|
0-0: Called Strike 0-1: Fly out, F5 (Line Drive, 5, EV 75.0 MPH)
|
| Top of the 2nd over - 0 runs, 0 hits, 0 errors, 0 left on base; New York 1 - St. Louis 3 |
| BOTTOM OF THE 2ND |
|
St. Louis Cardinals batting - Pitching for New York Mets : RHP Matt Laverty
|
|
Batting: RHB Ricky Yerzy
|
0-0: Fly out, F8 (Flyball, 8LS, EV 77.5 MPH)
|
|
Batting: RHB Danny Gallo
|
0-0: Called Strike 0-1: Swinging Strike 0-2: Foul Ball, location: 2F 0-2: Foul Ball, location: 2F 0-2: Ball 1-2: Strikes out swinging
|
|
Batting: RHB Mike Bates
|
0-0: Called Strike 0-1: SINGLE (Line Drive, 7LS, EV 94.4 MPH)
|
|
Batting: SHB Antoine Roux
|
0-0: Called Strike Mike Bates steals 2nd, throwing error, E2 Mike Bates to third 0-1: Foul Ball, location: 2F 0-2: DOUBLE (Flyball, 78D, EV 103.1 MPH) Mike Bates scores
|
|
Batting: LHB Ichiro Toyota
|
0-0: Ball 1-0: Called Strike 1-1: Foul Ball, location: 2F 1-2: Ball 2-2: Ball 3-2: Base on Balls
|
|
Batting: LHB Armando Carbajal
|
0-0: Called Strike 0-1: Swinging Strike 0-2: DOUBLE (Flyball, 8RXD, EV 108.8 MPH) Antoine Roux scores Ichiro Toyota to third Runner from 3rd tries for Home, SAFE, throw by CF to home
|
|
Pitching: RHP Ben Dicks
|
|
|
Batting: LHB Billy Guzman
|
0-0: Called Strike 0-1: Ball 1-1: Ball 2-1: Called Strike 2-2: Ground out 6-3 (Groundball, 6, EV 85.6 MPH)
|
| Bottom of the 2nd over - 3 runs, 3 hits, 1 error, 1 left on base; New York 1 - St. Louis 6 |
| TOP OF THE 3RD |
|
New York Mets batting - Pitching for St. Louis Cardinals : LHP Antonio Lacayo
|
|
Batting: LHB Chris Ringwood
|
0-0: Foul Ball, location: 2F 0-1: Foul Ball, location: 2F 0-2: Strikes out looking
|
|
Batting: RHB Mike Phillips
|
0-0: Called Strike 0-1: Foul Ball, location: 2F 0-2: SINGLE (Groundball, 34D, EV 106.2 MPH)
|
|
Batting: LHB Kevin Bellman
|
0-0: Ball 1-0: Foul Ball, location: 2F 1-1: Ball 2-1: Foul Ball, location: 2F 2-2: Foul Ball, location: 2F 2-2: Foul Ball, location: 2F 2-2: SINGLE (Groundball, 6M, EV 103.8 MPH) (infield hit) Mike Phillips to second
|
|
Batting: RHB Josh Jones
|
0-0: Called Strike 0-1: Called Strike 0-2: Ball 1-2: TRIPLE (Line Drive, 89XD, EV 108.1 MPH) Mike Phillips scores Kevin Bellman scores
|
|
Batting: RHB Jeff Jank
|
0-0: Ball 1-0: Swinging Strike 1-1: Ball 2-1: Ball 3-1: Foul Ball, location: 2F 3-2: Fly out, F8 (Flyball, 8RM, EV 94.4 MPH) Runner from 3rd tags up, SCORES, no throw by CF
|
|
Batting: RHB Antonio Aranda
|
0-0: Swinging Strike 0-1: Ball 1-1: Foul Ball, location: 2F 1-2: Foul Ball, location: 2F 1-2: Ball 2-2: Ball 3-2: Ground out U3 (Groundball, 34, EV 81.9 MPH)
|
| Top of the 3rd over - 3 runs, 3 hits, 0 errors, 0 left on base; New York 4 - St. Louis 6 |
| BOTTOM OF THE 3RD |
|
St. Louis Cardinals batting - Pitching for New York Mets : RHP Ben Dicks
|
|
Pitching: RHP Casey Cuomo
|
|
|
Batting: RHB Melvin Enriquez
|
0-0: Called Strike 0-1: Ground out 6-3 (Groundball, 56, EV 78.8 MPH)
|
|
Batting: SHB Chris Blue
|
0-0: Ball 1-0: DOUBLE (Line Drive, 9LM, EV 111.9 MPH)
|
|
Batting: RHB Ricky Yerzy
|
0-0: Swinging Strike 0-1: Fly out, F7 (Line Drive, 7LM, EV 96.2 MPH)
|
|
Batting: RHB Danny Gallo
|
0-0: Ball 1-0: Ground out 4-3 (Groundball, 4M, EV 101.9 MPH)
|
| Bottom of the 3rd over - 0 runs, 1 hit, 0 errors, 1 left on base; New York 4 - St. Louis 6 |
| TOP OF THE 4TH |
|
New York Mets batting - Pitching for St. Louis Cardinals : LHP Antonio Lacayo
|
|
Batting: SHB Nelle van den Berg
|
0-0: Swinging Strike 0-1: Swinging Strike 0-2: Ball 1-2: Fly out, F3 (Popup, 23F, EV 83.8 MPH)
|
|
Batting: RHB Finn Ross
|
0-0: Ball 1-0: DOUBLE (Line Drive, 89D, EV 101.9 MPH)
|
|
Batting: SHB Jason Larson
|
0-0: Called Strike Finn Ross is caught stealing 3rd base 2-5 0-1: Swinging Strike 0-2: Ball 1-2: Ball 2-2: Foul Ball, location: 2F 2-2: Fly out, F7 (Flyball, 7, EV 78.1 MPH)
|
| Top of the 4th over - 0 runs, 1 hit, 0 errors, 0 left on base; New York 4 - St. Louis 6 |
| BOTTOM OF THE 4TH |
|
St. Louis Cardinals batting - Pitching for New York Mets : RHP Casey Cuomo
|
|
Pitching: RHP Billy McIntyre
|
|
|
Batting: RHB Mike Bates
|
0-0: Ball 1-0: SINGLE (Line Drive, 8RS, EV 95.0 MPH)
|
|
Pinch Hitting: RHB Klaas Meij
|
0-0: Ball 1-0: Ball 2-0: Ball 3-0: Called Strike 3-1: Foul Ball, location: 2F 3-2: Base on Balls Mike Bates to second
|
|
Batting: LHB Ichiro Toyota
|
0-0: Called Strike 0-1: Ball 1-1: Ball 2-1: Foul Ball, location: 2F 2-2: SINGLE (Line Drive, 8LS, EV 110.0 MPH) Mike Bates to third Klaas Meij to second Runner from 3rd tries for Home, SAFE, throw by CF to home
|
|
Pinch Hitting: RHB Joe Alley
|
0-0: Called Strike 0-1: Grounds into double play, 6-4-3 (Groundball, 56, EV 98.1 MPH) Klaas Meij to third
|
|
Batting: LHB Billy Guzman
|
0-0: Ground out 5-3 (Groundball, 56, EV 85.6 MPH)
|
| Bottom of the 4th over - 1 run, 2 hits, 0 errors, 1 left on base; New York 4 - St. Louis 7 |
| TOP OF THE 5TH |
|
New York Mets batting - Pitching for St. Louis Cardinals : LHP Antonio Lacayo
|
|
Pitching: LHP Ed Gates
|
|
|
Now at 1B: Joe Alley
|
|
|
Now at 2B: Klaas Meij
|
|
|
Batting: LHB Chris Ringwood
|
0-0: Ball 1-0: Called Strike 1-1: Foul Ball, location: 2F 1-2: Foul Ball, location: 2F 1-2: Strikes out swinging
|
|
Batting: RHB Mike Phillips
|
0-0: Ball 1-0: Swinging Strike 1-1: Ground out 6-3 (Groundball, 56, EV 106.2 MPH)
|
|
Pinch Hitting: SHB Roberto Magne
|
0-0: Foul Ball, location: 2F 0-1: Ball 1-1: Swinging Strike 1-2: Strikes out swinging
|
| Top of the 5th over - 0 runs, 0 hits, 0 errors, 0 left on base; New York 4 - St. Louis 7 |
| BOTTOM OF THE 5TH |
|
St. Louis Cardinals batting - Pitching for New York Mets : RHP Billy McIntyre
|
|
Pitching: RHP Robbie Beerbower
|
|
|
Now at C: Fabiano Perrolas
|
|
|
Now at 1B: Billy Walker
|
|
|
Now at 2B: Jason Larson
|
|
|
Now at 3B: Roberto Magne
|
|
|
Batting: RHB Melvin Enriquez
|
0-0: Swinging Strike 0-1: Fly out, F8 (Flyball, 8RD, EV 104.4 MPH)
|
|
Pinch Hitting: RHB Tyler Walker
|
0-0: Ball 1-0: Fly out, F9 (Line Drive, 9LS, EV 86.9 MPH)
|
|
Batting: RHB Ricky Yerzy
|
0-0: Ball 1-0: Ball 2-0: Ball 3-0: Called Strike 3-1: Ground out 6-3 (Groundball, 6, EV 86.9 MPH)
|
| Bottom of the 5th over - 0 runs, 0 hits, 0 errors, 0 left on base; New York 4 - St. Louis 7 |
| TOP OF THE 6TH |
|
New York Mets batting - Pitching for St. Louis Cardinals : LHP Ed Gates
|
|
Now at 2B: Tyler Walker
|
|
|
Now at SS: Klaas Meij
|
|
|
Batting: RHB Billy Walker
|
0-0: Foul Ball, location: 2F 0-1: Called Strike 0-2: Fly out, F7 (Flyball, 7LS, EV 89.4 MPH)
|
|
Batting: RHB Drtian Thaqi
|
0-0: Ball 1-0: Called Strike 1-1: Ball 2-1: Ground out 6-3 (Groundball, 6, EV 85.6 MPH)
|
|
Pinch Hitting: SHB Sean Cook
|
0-0: Called Strike 0-1: Called Strike 0-2: Ball 1-2: Foul Ball, location: 2F 1-2: Strikes out swinging
|
| Top of the 6th over - 0 runs, 0 hits, 0 errors, 0 left on base; New York 4 - St. Louis 7 |
| BOTTOM OF THE 6TH |
|
St. Louis Cardinals batting - Pitching for New York Mets : RHP Robbie Beerbower
|
|
Pitching: RHP Justin Overlie
|
|
|
Now in CF: Finn Ross
|
|
|
Now in RF: Sean Cook
|
|
|
Pinch Hitting: LHB Adam Eisen
|
0-0: Ball 1-0: Called Strike 1-1: Ball 2-1: Ball 3-1: Base on Balls
|
|
Pinch Hitting: RHB McGwire Jones
|
0-0: Ball 1-0: Ball 2-0: Called Strike 2-1: Called Strike 2-2: Ball 3-2: Foul Ball, location: 2F 3-2: Strikes out swinging
|
|
Batting: RHB Klaas Meij
|
0-0: Fly out, F3 (Popup, 3SF, EV 71.9 MPH)
|
|
Pinch Hitting: RHB Fabrice Bertin
|
0-0: Ball 1-0: Called Strike 1-1: Swinging Strike 1-2: DOUBLE (Line Drive, 7LM, EV 107.5 MPH) Adam Eisen to third Runner from 3rd tries for Home, SAFE, throw by LF to home
|
|
Batting: RHB Joe Alley
|
0-0: Swinging Strike 0-1: Foul Ball, location: 2F 0-2: Foul Ball, location: 2F 0-2: Ball 1-2: Fly out, F8 (Flyball, 8RM, EV 85.0 MPH)
|
| Bottom of the 6th over - 1 run, 1 hit, 0 errors, 1 left on base; New York 4 - St. Louis 8 |
| TOP OF THE 7TH |
|
New York Mets batting - Pitching for St. Louis Cardinals : LHP Ed Gates
|
|
Pitching: LHP John Roe
|
|
|
Now at 3B: McGwire Jones
|
|
|
Now in CF: Adam Eisen
|
|
|
Now in RF: Fabrice Bertin
|
|
|
Pinch Hitting: RHB Jordan Fairburn
|
0-0: Ball 1-0: Ball 2-0: Called Strike 2-1: Foul Ball, location: 2F 2-2: Ground out 3-1 (Groundball, 34, EV 100.0 MPH)
|
|
Batting: RHB Finn Ross
|
0-0: Fly out, F8 (Flyball, 8RD, EV 95.6 MPH)
|
|
Pinch Hitting: SHB Luke Robbins
|
0-0: SINGLE (Groundball, P, EV 85.6 MPH) (infield hit)
|
|
Batting: LHB Chris Ringwood
|
0-0: Ball Luke Robbins steals 2nd base 1-0: Ball 2-0: Called Strike 2-1: Ball 3-1: Foul Ball, location: 2F 3-2: SINGLE (Line Drive, 4D, EV 95.6 MPH) Luke Robbins to third Runner from 3rd tries for Home, SAFE, throw by CF to home Chris Ringwood to second
|
|
Batting: LHB Fabiano Perrolas
|
0-0: Ball 1-0: Swinging Strike 1-1: Foul Ball, location: 2F 1-2: Strikes out swinging
|
| Top of the 7th over - 1 run, 2 hits, 0 errors, 1 left on base; New York 5 - St. Louis 8 |
| BOTTOM OF THE 7TH |
|
St. Louis Cardinals batting - Pitching for New York Mets : RHP Justin Overlie
|
|
Pitching: RHP Hugo Valentin
|
|
|
Now at 2B: Luke Robbins
|
|
|
Now at SS: Jordan Fairburn
|
|
|
Batting: SHB Jason Kirby
|
0-0: Called Strike 0-1: Swinging Strike 0-2: Fly out, F7 (Flyball, 78D, EV 98.1 MPH)
|
|
Pinch Hitting: LHB Pat Sutton
|
0-0: Called Strike 0-1: Foul Ball, location: 2F 0-2: Ball 1-2: Ball 2-2: Foul Ball, location: 2F 2-2: Ball 3-2: Base on Balls
|
|
Batting: RHB Tyler Walker
|
0-0: Foul Ball, location: 2F 0-1: SINGLE (Line Drive, 89S, EV 106.9 MPH) Pat Sutton to second
|
|
Batting: RHB Ricky Yerzy
|
0-0: Fly out, F9 (Flyball, 9D, EV 93.8 MPH) Runner from 2nd tags up, SAFE at 3rd, no throw by RF
|
|
Batting: LHB Adam Eisen
|
0-0: Ball 1-0: Swinging Strike 1-1: SINGLE (Groundball, 6S, EV 72.5 MPH) (infield hit) Pat Sutton scores Tyler Walker to second
|
|
Batting: RHB McGwire Jones
|
0-0: Called Strike 0-1: Ball 1-1: 3-RUN HOME RUN (Flyball, 7LD, EV 96.2 MPH), Distance : 366 ft
|
|
Pitching: LHP Steve Kelly
|
|
|
Batting: RHB Klaas Meij
|
0-0: Foul Ball, location: 2F 0-1: Ball 1-1: Ball 2-1: Foul Ball, location: 2F 2-2: Foul Ball, location: 2F 2-2: Fly out, F8 (Flyball, 8RD, EV 100.6 MPH)
|
| Bottom of the 7th over - 4 runs, 3 hits, 0 errors, 0 left on base; New York 5 - St. Louis 12 |
| TOP OF THE 8TH |
|
New York Mets batting - Pitching for St. Louis Cardinals : LHP John Roe
|
|
Pitching: RHP Josh Sabatino
|
|
|
Now in LF: Pat Sutton
|
|
|
Batting: SHB Roberto Magne
|
0-0: Called Strike 0-1: Ball 1-1: Ball 2-1: Ball 3-1: Fly out, F9 (Flyball, 89S, EV 75.0 MPH)
|
|
Batting: RHB Billy Walker
|
0-0: Called Strike 0-1: Ball 1-1: SINGLE (Groundball, 4MD, EV 107.5 MPH)
|
|
Batting: RHB Drtian Thaqi
|
0-0: Fielders Choice at 2nd, 4-6 (Groundball, 4, EV 85.0 MPH)
|
|
Batting: SHB Sean Cook
|
0-0: Called Strike 0-1: Called Strike 0-2: Ball 1-2: Ball 2-2: Fly out, F7 (Flyball, 7S, EV 79.4 MPH)
|
| Top of the 8th over - 0 runs, 1 hit, 0 errors, 1 left on base; New York 5 - St. Louis 12 |
| BOTTOM OF THE 8TH |
|
St. Louis Cardinals batting - Pitching for New York Mets : LHP Steve Kelly
|
|
Pitching: RHP Alastair Henry
|
|
|
Batting: RHB Fabrice Bertin
|
0-0: Ball 1-0: Called Strike 1-1: Called Strike 1-2: Ground out 1-3 (Groundball, 15S, EV 70.0 MPH)
|
|
Pinch Hitting: RHB Tommy Tracy
|
0-0: Ball 1-0: Swinging Strike 1-1: Ground out 6-3 (Groundball, 6M, EV 88.1 MPH)
|
|
Batting: SHB Jason Kirby
|
0-0: Ball 1-0: Ball 2-0: Called Strike 2-1: Ground out U3 (Groundball, 34, EV 88.8 MPH)
|
| Bottom of the 8th over - 0 runs, 0 hits, 0 errors, 0 left on base; New York 5 - St. Louis 12 |
| TOP OF THE 9TH |
|
New York Mets batting - Pitching for St. Louis Cardinals : RHP Josh Sabatino
|
|
Pitching: RHP Jaylin Green
|
|
|
Now at 1B: Tommy Tracy
|
|
|
Batting: RHB Jordan Fairburn
|
0-0: Called Strike 0-1: Ball 1-1: Foul Ball, location: 2F 1-2: Strikes out looking
|
|
Batting: RHB Finn Ross
|
0-0: Ball 1-0: Ball 2-0: Called Strike 2-1: Ground out 6-3 (Groundball, 6, EV 86.9 MPH)
|
|
Batting: SHB Luke Robbins
|
0-0: Ball 1-0: Ground out 5-3 (Groundball, 56S, EV 91.2 MPH)
|
| Top of the 9th over - 0 runs, 0 hits, 0 errors, 0 left on base; New York 5 - St. Louis 12 |
|